 Seeded DCSS version 0.30.1-9-gdf580d7c3d (webtiles) character file.

Game seed: 6351066067085065685 (custom seed)

198 Esekla the Magician (level 5, 0/27 (28) HPs)
             Began as a Deep Elf Wanderer on Oct 21, 2023.
             Was a Follower of Vehumet.
             Slain by a scorpion (7 damage)
             ... on level 5 of the Dungeon.
             The game lasted 00:19:45 (2396 turns).

Esekla the Magician (Deep Elf Wanderer)             Turns: 2396, Time: 00:19:45

HP:   0/27 (28)     AC:  4    Str: 11    XL:     5   Next: 47%
MP:   3/16          EV: 11    Int: 20    God:    Vehumet [*.....]
Gold: 189           SH:  4    Dex: 14    Spells: 10/17 levels left

rFire   . . .        s - +5 rapier of the Hero {heavy, rN+ Dex+3}
rCold   . . .        d - +0 buckler
rNeg    + . .        c - +0 robe
rPois   .            l - +0 helmet
rElec   .            (no cloak)
rCorr   .            k - +0 pair of gloves
SInv    .            (no boots)
Will    .....        A - amulet of magic regeneration
Stlth   ++           (no ring)
HPRegen 0.24/turn    (no ring)
MPRegen 0.55/turn

%: no passive effects
@: very slightly contaminated, lightly drained
A: no striking features
a: Renounce Religion


You were on level 5 of the Dungeon.
You worshipped Vehumet.
Vehumet was aware of your devotion.
You visited 1 branch of the dungeon, and saw 5 of its levels.

You collected 189 gold pieces.

Inventory:

Hand Weapons
 a - a +1 short sword of freezing
 r - a +0 spear
 s - the +5 rapier of the Hero (weapon) {heavy, rN+ Dex+3}
   (You found it on level 3 of the Dungeon)

   Dex:       It affects your dexterity (+3).
   rN:        It protects you from negative energy.
Missiles
 u - 8 poisoned darts (quivered)
Armour
 c - a +0 robe (worn)
 d - a +0 buckler (worn)
 k - a +0 pair of gloves (worn)
 l - a +0 helmet (worn)
Jewellery
 A - an amulet of magic regeneration (around neck)
Wands
 w - a wand of roots (8)
Scrolls
 g - 3 scrolls of identify {unknown}
 n - 2 scrolls of enchant weapon {unknown}
 o - a scroll of amnesia {unknown}
 p - a scroll of enchant armour {unknown}
 t - a scroll of blinking {unknown}
 v - a scroll of fog {unknown}
 x - a scroll of immolation {unknown}
 y - a scroll of silence {unknown}
 z - a scroll of magic mapping {unknown}
Potions
 b - 2 potions of lignification
 e - a potion of ambrosia {unknown}
 f - 2 potions of attraction {unknown}
 h - a potion of heal wounds {unknown}
 i - a potion of curing
 j - a potion of haste {unknown}
 m - a potion of mutation {unknown}
 q - 3 potions of brilliance {unknown}


   Skills:
 + Level 1.0 Short Blades
 + Level 0.7 Throwing
 * Level 2.1 Dodging
 + Level 1.5 Stealth
 + Level 1.5 Shields
 * Level 6.5 Spellcasting
 + Level 1.3 Conjurations
 * Level 1.7 Necromancy
 + Level 2.7 Translocations
 + Level 1.0 Invocations


You had 10 spell levels left.
You knew the following spells:

 Your Spells              Type           Power      Damage    Failure   Level
a - Magic Dart            Conj           44%        1d5       9%          1
b - Blink                 Tloc           34%        N/A       7%          2
d - Vampiric Draining     Necr           13%        2d6       21%         3
p - Apportation           Tloc           34%        N/A       4%          1

Your spell library contained the following spells:

 Spells                   Type           Power      Damage    Failure   Level
 Sandblast                Erth           12%        2d6       14%         1
 Lesser Beckoning         Tloc           34%        N/A       7%          2
 Gell's Gravitas          Tloc           17%        N/A       14%         3
 Teleport Other           Tloc           17%        N/A       14%         3
 Ignite Poison            Fire/Tmut/Pois 6%         N/A       41%         3
 Spider Form              Tmut/Pois      6%         N/A       41%         3
 Cause Fear               Hex            3%         N/A       82%         4
 Summon Mana Viper        Hex/Summ       6%         N/A       99%         5


Dungeon Overview and Level Annotations

Branches:
Dungeon (5/15)
 Temple: D:4-7

Altars:
Dithmenos
Okawaru
Qazlal
Vehumet
Zin

Shops:
D:2 =   D:4 (


Message History

The spell is quite dangerous to miscast (21% risk of failure)!
Continue anyway?
Aiming: Vampiric Draining (quite dangerous; 21% risk of failure)
Press: ? - help, Shift-Dir - straight line, f/p - scorpion
Aim: a scorpion (moderately wounded)
You draw life force from the scorpion.
You feel life coursing into your body.
You feel very sick. The scorpion barely misses you.
The scorpion stings you but does no damage.
Casting: Vampiric Draining (quite dangerous; 21% risk of failure)
Confirm with . or Enter, or press ? or * to list all spells.
The spell is quite dangerous to miscast (21% risk of failure)!
Continue anyway?
Aiming: Vampiric Draining (quite dangerous; 21% risk of failure)
Press: ? - help, Shift-Dir - straight line, f/p - scorpion
Aim: a scorpion (severely wounded)
You miscast Vampiric Draining.
You are very lightly contaminated with residual magic.
Nothing appears to happen.
You feel sick. The scorpion misses you.
Casting: Vampiric Draining (quite dangerous; 21% risk of failure)
Confirm with . or Enter, or press ? or * to list all spells.
The spell is quite dangerous to miscast (21% risk of failure)!
Continue anyway?
Aiming: Vampiric Draining (quite dangerous; 21% risk of failure)
Press: ? - help, Shift-Dir - straight line, f/p - scorpion
Aim: a scorpion (severely wounded)
You miscast Vampiric Draining.
You feel horribly lethargic. You partially resist.
You feel drained.
* * * LOW HITPOINT WARNING * * *
x2 You feel sick.
The scorpion stings you.
* * * LOW HITPOINT WARNING * * *
You feel better.
The scorpion stings you but does no damage.
You barely miss the scorpion.
The scorpion is severely wounded.
The scorpion stings you.
* * * LOW HITPOINT WARNING * * *
The scorpion barely misses you.
You hit the scorpion.
The scorpion is severely wounded.
The scorpion stings you but does no damage.
The scorpion stings you!
You die...

##. #.###....+ ..#
## #.# #..### ####..
.### #.###..# #
.....#...#
#......### #....#.#
###.#..... #.##.#
#<#####. #..#.# #.#
#. ##s#.# #.# #.
#@#.# ##.#####.
##.#.######........
##.#..........#####.
#.###.........# #†
##.#.########## #.
##.## #. ### #. ##


You could see a scorpion.

Vanquished Creatures
  A scorpion (D:5)
  A hound (D:3)
  An iguana (D:2)
  A gnoll (D:1)
  3 adders
  2 dart slugs
  3 orcs (D:3)
  6 ball pythons
  4 endoplasms
  7 goblins
  3 hobgoblins
  A quokka (D:1)
  4 bats
  3 frilled lizards
  4 kobolds
  A rat (D:2)
45 creatures vanquished.

Notes
Turn   | Place    | Note
-------+----------+-------------------------------------------
     0 | D:1      | Esekla the Deep Elf Wanderer began the quest for the Orb.
     0 | D:1      | Esekla set off with the following items: a +0 club, a
                  | potion of lignification, a +0 robe, a +0 buckler; and the
                  | following spells available to memorise: Apportation, Blink,
                  | Lesser Beckoning, Magic Dart, Ignite Poison, Vampiric
                  | Draining.
     0 | D:1      | Reached XP level 1. HP: 10/10 MP: 7/7
     2 | D:1      | Learned a level 1 spell: Magic Dart
     4 | D:1      | Learned a level 1 spell: Apportation
   254 | D:2      | Found Renulab's Jewellery Shop.
   470 | D:4      | Found a radiant altar of Vehumet.
   474 | D:4      | Became a worshipper of Vehumet
   487 | D:4      | Found an iron altar of Okawaru.
   498 | D:4      | Found a glowing silver altar of Zin.
   657 | D:4      | Found Ponaysk's Antique Weapon Boutique.
   877 | D:3      | Reached skill level 1 in Dodging
   877 | D:3      | Reached XP level 2. HP: 5/15 MP: 3/9
   880 | D:3      | Learned a level 2 spell: Blink
  1025 | D:2      | Noticed a black bear
  1118 | D:1      | Reached skill level 5 in Spellcasting
  1340 | D:1      | Reached XP level 3. HP: 19/19 MP: 8/11
  1344 | D:1      | Learned a level 3 spell: Vampiric Draining
  1369 | D:1      | Reached * piety under Vehumet
  1369 | D:1      | Offered knowledge of Sandblast by Vehumet.
  1628 | D:2      | Reached skill level 1 in Conjurations
  1679 | D:2      | Found a faded altar of an unknown god.
  1736 | D:2      | Reached skill level 1 in Necromancy
  1736 | D:2      | Reached XP level 4. HP: 24/24 MP: 9/13
  1845 | D:3      | Identified the +5 rapier of the Hero {heavy, rN+ Dex+3}
  2171 | D:3      | Found a stormy altar of Qazlal.
  2182 | D:3      | Reached skill level 6 in Spellcasting
  2192 | D:3      | You fall into a shaft and drop 1 floor!
  2233 | D:5      | Entered Level 5 of the Dungeon
  2236 | D:5      | Got the Parchment of the Lumpy Olives
  2265 | D:5      | Found a shadowy altar of Dithmenos.
  2293 | D:5      | Reached XP level 5. HP: 28/28 MP: 15/15
  2388 | D:5      | Reached skill level 1 in Short Blades
  2396 | D:5      | Slain by a scorpion

Illustrated notes

Levels and vault maps discovered:
D:1:      sevenhm_arrival_forest_fort_small_3, layout_rooms,
          chequers_serial_rivers_room_b, minmay_misc_feat_five
D:2:      layout_loops_ring, dreamdust_ecumenical_altar_angels_and_demons,
          serial_shops, shop
D:3:      layout_basic, grunt_temple_overflow_open, minmay_misc_feat_iff
D:4:      layout_basic, nicolae_overflow_quartered_altars, serial_shops,
          nicolae_diamond_shop
D:5:      layout_loops_ring, lemuel_doored_altar, minmay_misc_feat_rows,
          dreamdust_wishing_well

Skill      XL: |  1  2  3  4  5 |
---------------+----------------+-----
Dodging        | 1 2 |  2.1
Spellcasting   | 5 6 |  6.5
Conjurations   | 1 |  1.3
Necromancy     | 1 |  1.7
Short Blades   | 1 |  1.0
Throwing       | |  0.7
Stealth        | |  1.5
Shields        | |  1.5
Translocations | |  2.7
Invocations    | |  1.0

Action                     |  1- 3 |  4- 6 || total
---------------------------+-------+-------++-------
  Melee: Short sword       |    49 |     6 ||    55
         Rapier            |       |    14 ||    14
  Throw: Dart              |     5 |     1 ||     6
   Cast: Magic Dart        |    46 |    10 ||    56
         Apportation       |    24 |     8 ||    32
         Vampiric Draining |     3 |     4 ||     7
         Blink             |     1 |       ||     1
    Use: Scroll            |     1 |       ||     1
         Potion            |       |     2 ||     2
   Stab: Sleeping          |       |     2 ||     2
 Armour: Robe              |    17 |    10 ||    27
  Dodge: Dodged            |    29 |    13 ||    42
  Block: Buckler           |     4 |     3 ||     7
